Map: Blackpink LE

Players

Ryung - Winner!

  • Race: Terran Terran
  • Spawn Location: 1:00

Elazer

  • Race: Zerg Zerg
  • Spawn Location: 7:00

Event: IEM Season 12 - Katowice

VOD

Have the link to the VOD?

Description

Time

  • Played on: March 2, 2018, 3:01 p.m.
  • Length: 12:13

All games in this series

Show
View Real Time Build Order
Export as new Build Order

Ryung Terran - Winner!

Build Orders: Cyclone Opening, Mech 

Get SALT Encoding   

  12  0:01  SCV  
  13  0:13  SCV  
  14  0:18  Supply Depot  
  14  0:25  SCV  
  14  0:28  Refinery  
  15  0:39  SCV  
  16  0:44  Barracks  
  16  0:51  SCV  
  17  1:03  SCV  
  18  1:15  SCV  
  19  1:30  Orbital Command  
  19  1:31  Marine  
  20  1:42  Command Center  
  20  1:52  Factory  
  20  1:56  SCV  
  20  2:00  Barracks Reactor  
  21  2:05  Refinery  
  21  2:08  SCV  
  22  2:13  Supply Depot  
  22  2:20  SCV  
  23  2:35  SCV  
  24  2:41  Cyclone  
  27  2:46  Cyclone  
  27  2:48  SCV  
  31  2:54  Orbital Command  
  31  3:00  SCV  
  32  3:13  SCV, Hellion  
  32  3:14  Armory  
  32  3:18  Hellion  
  37  3:20  SCV  
  37  3:25  Supply Depot, SCV  
  39  3:32  SCV  
  40  3:35  Hellion  
  40  3:38  SCV  
  40  3:39  Hellion  
  45  3:44  SCV  
  45  3:48  Supply Depot  
  46  3:50  SCV  
  47  3:56  SCV, Hellion  
  47  4:01  Hellion, Terran Vehicle Weapons Level 1  
  52  4:06  SCV  
  52  4:08  SCV  
  47  4:20  SCV  
  47  4:21  SCV  
  50  4:29  Cyclone x2  
  50  4:30  Command Center  
  52  4:33  SCV x2  
  54  4:40  Supply Depot  
  54  4:42  Barracks Tech Lab, Refinery x2  
  54  4:45  SCV x2  
  56  4:57  SCV x2  
  58  5:10  Siege Tank  
  58  5:11  Barracks Tech Lab  
  58  5:12  SCV x2  
  58  5:13  Factory  
  63  5:16  Factory  
  63  5:23  Supply Depot  
  63  5:24  SCV x2  
  65  5:36  SCV x2  
  65  5:42  Orbital Command  
  67  5:44  Siege Tank  
  67  5:48  SCV x2  
  71  5:52  Command Center  
  71  5:59  Cyclone x2, Terran Vehicle Weapons Level 2  
  71  6:00  SCV x2  
  79  6:15  SCV x2  
  79  6:18  Siege Tank x2  
  76  6:33  Supply Depot  
  76  6:35  SCV x2  
  76  6:38  Orbital Command  
  76  6:42  Armory  
  76  6:44  Supply Depot x2, Hellion x2  
  80  6:47  SCV x2  
  82  6:59  SCV x2  
  84  7:01  Barracks Reactor  
  84  7:04  SCV  
  84  7:06  Orbital Command  
  84  7:07  Factory  
  85  7:09  Factory  
  85  7:11  SCV x2  
  85  7:13  Hellion x2  
  85  7:15  Hellion  
  93  7:18  Hellion, Refinery x2  
  93  7:20  SCV  
  96  7:23  SCV  
  96  7:26  SCV  
  96  7:27  Supply Depot  
  98  7:31  Terran Vehicle And Ship Armor Level 1  
  98  7:39  Starport  
  98  7:41  Siege Tank x2  
  98  7:42  Hellion x2  
  98  7:43  Barracks Reactor  
  108  7:46  SCV x3  
  108  7:50  Orbital Command  
  111  7:52  Supply Depot  
  111  7:53  Engineering Bay  
  111  7:54  Factory Tech Lab  
  111  8:00  SCV x3  
  111  8:04  Hellion  
  111  8:05  Hellion x3, Smart Servos  
  122  8:10  Infernal Pre-Igniter  
  122  8:14  SCV  
  122  8:15  SCV x3  
  122  8:18  Supply Depot  
  122  8:19  Siege Tank  
  129  8:27  SCV x3, Siege Tank  
  131  8:28  Siege Tank  
  131  8:31  Refinery  
  131  8:33  Refinery  
  136  8:42  SCV x3, Hellion x10  
  137  8:51  Hellion x3, Siege Tank  
  137  8:52  SCV  
  137  8:54  Sensor Tower, SCV  
  148  8:59  Supply Depot  
  148  9:01  Supply Depot x2  
  148  9:02  Supply Depot  
  148  9:07  Terran Vehicle Weapons Level 3  
  148  9:13  Command Center  
  148  9:21  Viking x2, SCV, Siege Tank  
  148  9:23  Hellion x2, Siege Tank  
  148  9:24  Hellion x2, Siege Tank  
  167  9:30  Terran Vehicle And Ship Armor Level 2  
  162  9:48  Starport x2  
  162  9:51  Viking x2  
  164  9:58  Hellion x3  
  166  10:14  Thor x2  
  166  10:17  Supply Depot  
  166  10:18  Supply Depot  
  166  10:21  Viking x2  
  180  10:24  Thor  
  180  10:27  Viking x2  
  188  10:32  Starport  
  188  10:52  Viking  
  188  10:56  Viking  
  188  10:59  Viking  
  188  11:00  Viking  
  192  11:19  Siege Tank x2  
  192  11:22  Hellion  
  200  11:34  Starport Tech Lab  
  200  11:35  Starport Tech Lab x2  
  200  11:39  Command Center  
  200  11:41  Command Center  
Show
View Real Time Build Order
Export as new Build Order

Elazer Zerg 

Build Orders: Hatch First, Roach Hydra 

Get SALT Encoding   

  12  0:00  Drone  
  13  0:12  Overlord  
  13  0:17  Drone  
  14  0:30  Drone x2  
  16  0:49  Hatchery  
  15  0:51  Drone  
  15  0:54  Drone  
  17  0:58  Drone  
  18  1:08  Extractor  
  17  1:13  Spawning Pool  
  17  1:16  Drone  
  17  1:20  Drone  
  18  1:28  Drone  
  19  1:38  Drone  
  20  1:51  Overlord  
  20  2:00  Queen x2  
  25  2:01  Zergling x4  
  25  2:08  Metabolic Boost  
  26  2:11  Drone x2  
  28  2:21  Drone  
  29  2:23  Drone  
  30  2:35  Hatchery  
  30  2:36  Drone  
  30  2:42  Queen  
  32  2:47  Overlord  
  32  2:50  Drone  
  33  2:53  Drone  
  33  2:56  Drone x2  
  36  3:05  Drone x2  
  38  3:07  Drone x2  
  38  3:08  Drone  
  41  3:16  Overlord  
  41  3:17  Drone  
  41  3:19  Queen  
  44  3:36  Zergling x4  
  46  3:42  Zergling x4  
  46  3:43  Drone x3  
  46  3:47  Overlord  
  51  3:51  Zergling x8  
  51  3:55  Overlord  
  55  4:05  Queen  
  57  4:13  Queen  
  57  4:15  Drone  
  57  4:19  Drone  
  57  4:21  Overlord  
  57  4:28  Extractor x2, Overlord  
  57  4:29  Roach Warren  
  57  4:30  Drone  
  57  4:34  Overlord  
  57  4:35  Drone x2  
  57  4:40  Drone x2  
  57  4:41  Drone x2  
  57  4:44  Overlord  
  61  4:46  Zergling x6  
  61  4:50  Overlord  
  64  4:57  Zergling x4  
  66  5:05  Overlord  
  65  5:09  Roach x5  
  65  5:11  Roach x3  
  65  5:12  Roach  
  83  5:23  Overlord  
  83  5:25  Drone x5  
  88  5:30  Ravager x4  
  88  5:33  Overlord  
  88  5:35  Drone x3  
  95  5:38  Drone x2  
  95  5:41  Lair  
  97  5:43  Overlord  
  97  5:44  Drone x2  
  97  5:45  Drone  
  97  5:47  Drone x2  
  102  5:57  Drone x4  
  102  5:58  Drone  
  102  5:59  Drone  
  102  6:00  Drone  
  102  6:02  Extractor x2  
  107  6:06  Overlord  
  107  6:08  Drone  
  108  6:14  Overlord  
  108  6:15  Drone x3  
  104  6:26  Overlord  
  104  6:27  Drone  
  104  6:31  Drone x4  
  96  6:37  Drone x2  
  98  6:40  Drone x2, Evolution Chamber  
  98  6:41  Evolution Chamber, Extractor  
  98  6:42  Drone x3, Hydralisk Den  
  98  6:45  Overlord  
  98  6:48  Hatchery  
  98  6:49  Roach x4  
  98  6:50  Glial Reconstitution  
  105  7:06  Overlord  
  105  7:08  Zergling x2  
  105  7:09  Roach x3  
  105  7:11  Zerg Missile Weapons Level 1, Zerg Ground Armor Level 1  
  105  7:12  Hydralisk  
  105  7:13  Hydralisk x2, Muscular Augments  
  117  7:19  Hydralisk x3  
  123  7:25  Hydralisk x3  
  123  7:28  Hydralisk  
  131  7:36  Overlord  
  131  7:39  Drone x6  
  131  7:41  Infestation Pit  
  131  7:42  Drone x4  
  140  7:56  Extractor  
  140  7:57  Overlord  
  138  7:59  Hydralisk x4  
  138  8:00  Extractor, Hydralisk  
  147  8:07  Hydralisk x2  
  147  8:08  Hydralisk  
  153  8:16  Overlord  
  153  8:17  Hive  
  153  8:21  Roach  
  153  8:22  Roach x2, Hatchery  
  153  8:24  Grooved Spines  
  157  8:36  Overlord  
  157  8:37  Spire  
  157  8:41  Roach x8  
  172  8:48  Overlord  
  172  8:49  Hydralisk x2  
  172  8:50  Hydralisk x2  
  180  8:56  Overlord  
  178  9:05  Roach  
  178  9:06  Roach x4  
  178  9:07  Zerg Missile Weapons Level 2  
  188  9:16  Zerg Ground Armor Level 2  
  186  9:35  Roach  
  186  9:36  Roach x3  
  192  9:50  Greater Spire  
  167  10:00  Corruptor  
  167  10:01  Corruptor x5  
  167  10:04  Hydralisk x5  
  179  10:15  Hydralisk x4  
  179  10:16  Hydralisk  
  181  10:41  Overlord  
  175  10:42  Hatchery  
  151  10:59  Hydralisk x4  
  151  11:00  Hydralisk x2  
  151  11:01  Brood Lord x4  
  169  11:05  Brood Lord  
  169  11:07  Roach  
  169  11:08  Roach x3  
  175  11:13  Roach x4  
  181  11:19  Brood Lord  
  179  11:29  Roach x8  
  189  11:34  Roach x4  

Tags
 
Add a new tag
Caveats
  • Supply blocks, unpowered buildings, or Contaminate may cause inaccurate times.
  • Supply counts are checked every 10 seconds.